 Dungeon Crawl Stone Soup version 0.18-a0-1123-gbd92598 (webtiles) character file.

88 ater218 the Changer (level 4, -1/32 HPs)
             Began as a Merfolk Transmuter on Jan 19, 2016.
             Slain by an ogre
             ... wielding a +0 giant spiked club
              (33 damage)
             ... on level 3 of the Dungeon.
             The game lasted 00:13:54 (2795 turns).

ater218 the Changer (Merfolk Transmuter)            Turns: 2795, Time: 00:13:54

Health: -1/32      AC:  2    Str: 10    XL:     4   Next: 53%
Magic:  5/8        EV: 21    Int: 13    God:
Gold:   80         SH:  0    Dex: 19    Spells: 2 memorised, 4 levels left

rFire  . . .     SeeInvis .       - Unarmed
rCold  . . .     Gourm    .     (armour currently unavailable)
rNeg   . . .     Faith    .     (shield currently unavailable)
rPois  x         Spirit   .     (helmet currently unavailable)
rElec  .         Dismiss  .     (cloak currently unavailable)
rCorr  .         Reflect  .     (gloves currently unavailable)
SustAt .         Harm     .     (boots currently unavailable)
MR     .....                    (no amulet)
Stlth  ++........               (no ring)
                                (no ring)

@: spider-form (expiring), not resistant to hostile enchantments, unstealthy
A: (change form in water), (swift swim)
a: End Transformation


You were on level 3 of the Dungeon.
You were not hungry.
You were a venomous arachnid creature.
You visited 1 branch of the dungeon, and saw 3 of its levels.

You collected 80 gold pieces.

Inventory:

Missiles
 a - 24 arrows
 e - 9 arrows of flame
Armour
 b - a +0 robe
 l - a steam dragon hide (melded)
Wands
 i - a wand of slowing (42/48)
Scrolls
 g - 4 scrolls of identify
 k - a scroll of recharging
 m - a scroll of blinking {unknown}
 n - a scroll of magic mapping {unknown}
 p - a scroll of remove curse {unknown}
 q - a scroll of amnesia {unknown}
Books
 c - a book of Changes

   Spells                             Type                      Level
   a - Beastly Appendage              Transmutation                1
   b - Sticks to Snakes               Transmutation                2
   c - Spider Form                    Transmutation/Poison         3
   d - Ice Form                       Ice/Transmutation            4
   e - Blade Hands                    Transmutation                5
Comestibles
 d - 3 bread rations
 f - a beef jerky
 h - 4 meat rations
 j - a slice of pizza
 o - 2 chunks of flesh


   Skills:
 - Level 1.3 Fighting
 - Level 3.1 Dodging
 - Level 0.5 Stealth
 - Level 3.7 Unarmed Combat
 + Level 2.7 Spellcasting
 * Level 4.3 Transmutations


You had 4 spell levels left.
You knew the following spells:

 Your Spells              Type           Power        Failure   Level  Hunger
a - Beastly Appendage     Trmt           ##....       14%         1    #......
b - Spider Form           Trmt/Pois      #.........   56%         3    ###....


Dungeon Overview and Level Annotations

Branches:
Dungeon (3/15)

Altars:


Message History

You hit the ogre but do no damage.
The ogre is poisoned.
You hit the ogre.
The ogre looks even sicker.
The ogre is moderately wounded.
The ogre closely misses you.
You hit the ogre but do no damage.
The ogre is moderately wounded.
The ogre misses you.
You hit the ogre but do no damage.
The ogre is heavily wounded.
A jackal comes into view.
The jackal barks!
You hit the ogre.
The ogre is severely wounded.
You hear a shout!
The ogre barely misses you.
You hit the ogre.
The ogre is almost dead.
The ogre hits you with a giant spiked club!!
Ouch! That really hurt!
You die...

. . .# .# #
###.##.##
###########........
.....?..sO.h...#
###########<#>.#
#.# .# #.# .. #.#
.. #.# .. #.# # #.#
#..


You could see an ogre and a jackal.

Vanquished Creatures
  Ijyb (D:2)
  An adder (D:2)
  2 oozes (D:1)
  A giant gecko (D:1)
  2 giant cockroaches
  7 goblins
  3 hobgoblins
  2 jackals (D:2)
  5 kobolds
  2 ball pythons
  5 bats
  3 giant newts
  13 rats
47 creatures vanquished.

Notes
Turn   | Place    | Note
--------------------------------------------------------------
     0 | D:1      | ater218 the Merfolk Transmuter began the quest for the Orb.
     0 | D:1      | Reached XP level 1. HP: 15/15 MP: 3/3
    58 | D:1      | Reached XP level 2. HP: 16/21 MP: 3/5
   690 | D:1      | Reached XP level 3. HP: 24/26 MP: 4/6
  1082 | D:1      | Learned a level 3 spell: Spider Form
  1598 | D:2      | Noticed Ijyb
  1671 | D:2      | Killed Ijyb
  1671 | D:2      | Reached XP level 4. HP: 32/32 MP: 4/7
  1849 | D:2      | Reached skill level 4 in Transmutations
  2782 | D:3      | Noticed an ogre
  2795 | D:3      | Slain by an ogre

Vault maps used:
D:1:      erik_arrival_gehennom
D:2:      first_bread, serial_bayou_crossing, uniq_iyjb
D:3:      gammafunk_temple_overflow_statue, led_sif_book, grunt_pakellas_salt

Action                   |  1- 3 |  4- 6 || total
-------------------------+-------+-------++-------
Melee: Unarmed           |    81 |    47 ||   128
 Cast: Beastly Appendage |    17 |       ||    17
       Spider Form       |     6 |    13 ||    19
  Use: Scroll            |     1 |     3 ||     4
       Potion            |       |     5 ||     5
 Stab: Sleeping          |     3 |       ||     3
  Eat: Chunk             |     4 |     2 ||     6
       Bread ration      |       |     1 ||     1
